 Dungeon Crawl Stone Soup version 0.20.1-1-g8b1a95d (webtiles) character file.

25502 Irenicus the Thaumaturge (level 13, 0/86 HPs)
             Began as a Formicid Earth Elementalist on Oct 28, 2017.
             Was a Believer of Uskayaw.
             Slain by a deep troll earth mage (17 damage)
             ... on level 13 of the Dungeon.
             The game lasted 01:21:41 (12477 turns).

Irenicus the Thaumaturge (FoEE)                    Turns: 12477, Time: 01:21:41

Health: 0/86       AC: 11    Str: 15    XL:     13   Next: 51%
Magic:  18/36      EV: 18    Int: 28    God:    Uskayaw [**....]
Gold:   951        SH:  6    Dex: 21    Spells: 2/32 levels left

rFire    + . .     SeeInvis +   y - +3 mace of Infection {flame, Int+4 Dex+4}
rCold    . . .     Gourm    .   K - +0 buckler
rNeg     + . .     Faith    .   J - +1 robe of Cowardice {rN+ Int+5}
rPois    .         Spirit   .   (helmet unavailable)
rElec    .         Reflect  .   w - +2 cloak
rCorr    +         Harm     .   r - +0 pair of gloves
MR       +....                  E - +1 pair of boots
Stlth    +++.......             (no amulet)
Regen    0.0/turn               Z - ring "Ybecvan" {rCorr rF+ Str+4 Int+3}
MPRegen  0.3/turn               N - ring of magical power

@: no status effects
A: permanent stasis, dig shafts and tunnels, four strong arms, antennae 3, thin
metallic scales 1, camouflage 1, agile 1, inhibited regeneration, weak 1,
evolution 1
a: Dig, Shaft Self, Stomp, Line Pass, Renounce Religion


You were on level 13 of the Dungeon.
You worshipped Uskayaw.
Uskayaw was aware of your devotion.
You were hungry.

You visited 2 branches of the dungeon, and saw 15 of its levels.
You also visited: Labyrinth.

You collected 951 gold pieces.

Inventory:

Hand Weapons
 c - the +3 shortbow of Dinafuoteg {venom, rElec Str+3 Dex+2}
   (You found it in a labyrinth)

   It poisons the ammo it fires.
   It affects your strength (+3).
   It affects your dexterity (+2).
   It insulates you from electricity.
 n - a +2 war axe of chopping
 y - the +3 mace of Infection (weapon) {flame, Int+4 Dex+4}
   (You found it on level 4 of the Dungeon)

   It has been specially enchanted to burn those struck by it, causing extra
   injury to most foes and up to half again as much damage against particularly
   susceptible opponents.
   It affects your intelligence (+4).
   It affects your dexterity (+4).
Missiles
 b - 3 throwing nets
 q - 13 stones (quivered)
Armour
 r - a +0 pair of gloves (worn)
 w - a +2 cloak (worn)
 E - a +1 pair of boots (worn)
 J - the +1 robe of Cowardice (worn) {rN+ Int+5}
   (You found it on level 5 of the Dungeon)

   It affects your intelligence (+5).
   It protects you from negative energy.
 K - a +0 buckler (worn)
 U - a scarf of cloud immunity
Jewellery
 a - an uncursed ring of protection from fire
 B - an uncursed ring of poison resistance
 N - a ring of magical power (right hand)
 P - an uncursed ring of flight
 Z - the ring "Ybecvan" (left hand) {rCorr rF+ Str+4 Int+3}
   (You found it in a labyrinth)

   [ring of resist corrosion]

   It affects your strength (+4).
   It affects your intelligence (+3).
   It protects you from fire.
Wands
 g - a wand of iceblast (5/15)
 k - a wand of flame (22/48)
 m - a wand of iceblast (1/15)
 Q - a wand of flame (20/48)
 R - a wand of enslavement (5/24)
 W - a wand of lightning (9/15)
Scrolls
 f - 10 scrolls of remove curse
 h - a scroll of enchant armour
 o - a scroll of fear
 u - 2 scrolls of magic mapping
 v - 3 scrolls of fog
 G - 3 scrolls of recharging
 I - a scroll of amnesia
Potions
 i - 4 potions of curing
 j - 2 potions of brilliance
 p - 5 potions of might
 s - a potion of lignification
 t - 3 potions of heal wounds
 C - a potion of resistance
 D - a potion of agility
 F - a potion of ambrosia
 O - 3 potions of flight
 X - a potion of degeneration {unknown}
Books
 e - a book of Geomancy

   Spells                             Type                      Level
   a - Sandblast                      Earth                        1
   b - Passwall                       Transmutation/Earth          2
   c - Stone Arrow                    Conjuration/Earth            3
   d - Petrify                        Transmutation/Earth          4
   e - Lee's Rapid Deconstruction     Earth                        5
 H - a book of Flames

   Spells                             Type                      Level
   a - Flame Tongue                   Conjuration/Fire             1
   b - Throw Flame                    Conjuration/Fire             2
   c - Conjure Flame                  Conjuration/Fire             3
   d - Inner Flame                    Hexes/Fire                   3
   e - Sticky Flame                   Conjuration/Fire             4
   f - Fireball                       Conjuration/Fire             5
 Y - a book of Transfigurations

   Spells                             Type                      Level
   a - Irradiate                      Conjuration/Transmutation    5
   b - Statue Form                    Transmutation/Earth          6
   c - Hydra Form                     Transmutation                6
   d - Dragon Form                    Transmutation                7
Miscellaneous
 l - a phantom mirror
 L - a lamp of fire (inert)
 T - a box of beasts
 V - a lightning rod (inert)
Comestibles
 d - 9 bread rations
 z - 4 meat rations
 A - 11 royal jellies
 S - 7 chunks of flesh


   Skills:
 - Level 3.2 Fighting
 - Level 1.0 Maces & Flails
 - Level 7.2 Dodging
 - Level 2.4 Stealth
 - Level 2.9 Shields
 + Level 10.3 Spellcasting
 - Level 2.1 Conjurations
 - Level 7.0 Hexes
 - Level 5.0 Charms
 - Level 6.0 Necromancy
 - Level 10.1 Transmutations
 - Level 10.2 Earth Magic
 - Level 9.0 Invocations


You had 2 spell levels left.
You knew the following spells:

 Your Spells              Type           Power        Failure   Level  Hunger
a - Sandblast             Erth           ######       1%          1    None
b - Stone Arrow           Conj/Erth      #####.       1%          3    None
c - Lee's Rapid Deconstr  Erth           ######....   1%          5    ###....
d - Tukima's Dance        Hex            ######..     1%          3    None
e - Spectral Weapon       Hex/Chrm       #####...     1%          3    None
f - Petrify               Tmut/Erth      ######..     1%          4    None
g - Statue Form           Tmut/Erth      ######...    9%          6    #####..
r - Regeneration          Chrm/Necr      #####.....   1%          3    None
s - Song of Slaying       Chrm           #####...     1%          2    None


Dungeon Overview and Level Annotations

Branches:
Dungeon (14/15)            Temple (1/1) D:5            Lair (0/6) D:9
    Orc (0/2) D:12
 Vaults: D:13-14

Altars:
Ashenzari
Cheibriados
Dithmenos
Fedhas
Gozag
Hepliaklqana
Makhleb
Okawaru
Qazlal
Ru
Sif Muna
Trog
Uskayaw
Vehumet
Xom
Zin
Beogh

Shops:
D:4 (


Innate Abilities, Weirdness & Mutations

You cannot be hasted, slowed, berserked, paralysed or teleported.
You can dig through walls and to a lower floor.
Your four strong arms can wield two-handed weapons with a shield.
You have a pair of large antennae on your head. (SInv)
You are partially covered in thin metallic scales. (AC +2)
Your skin changes colour to match your surroundings (Stealth+).
You are agile. (Dex +2)
You do not regenerate when monsters are visible.
You are weak. (Str -2)
You evolve.


Message History

The deep troll earth mage closely misses you.
The deep troll earth mage claws you!!
* * * LOW HITPOINT WARNING * * *
Casting: Lee's Rapid Deconstruction
Confirm with . or Enter, or press ? or * to list all spells.
Aiming: Lee's Rapid Deconstruction
Press: ? - help, Dir - move target cursor The wall shatters!
The blast of rock fragments hits the frost giant.
The frost giant is heavily wounded.
The deep troll earth mage completely misses you.
The deep troll earth mage misses you. x2
You can now pass through a line of other dancers.
A fire dragon comes into view.
It was a potion of cancellation.
Your magical effects are unravelling.
You feel magically purged.
Your skin stops crawling.
The deep troll earth mage bites you!
You die...

#.#.#.#..#
#.#.#รท#..#
#.#.#(#..#
#.#.#.#..#.#
#
#...#......#
{ #
#.##########
#######
#.########
#......
#.#...#|)# {{
#..>...
#.#.#@#$$#
#######
#.#.#T#%[# #
#)#.#C#$$#{
#.#.#.#..#.#
#...#.D....#{
###
############
..#### .....#
..####


You could see a frost giant, a fire dragon and a deep troll earth mage.

Vanquished Creatures
  A minotaur (Lab)
  Erica (D:11)
  A centaur warrior (D:13)
  A two-headed ogre (D:8)
  Urug (D:11)
  3 unseen horrors
  A wizard (D:13)
  An orc knight (D:13)
  Pikel (D:7)
  A harpy (D:13)
  A cyclops (D:12)
  9 deep elf magi (D:11)
  An ugly thing (D:13)
  2 centaur zombies
  A yaktaur (D:13)
  A komodo dragon (D:13)
  2 trolls
  A hornet (D:11)
  9 slime creatures
  2 hippogriffs
  A meliai zombie (D:13)
  3 wyverns
  16 yaks
  3 hogs (D:9)
  2 basilisks (D:9)
  2 hungry ghosts
  A human (D:9)
  Edmund (D:3)
  3 water moccasins
  A swamp drake (D:9)
  A black bear (D:3)
  4 ice beasts
  A slave (D:7)
  2 orc warriors
  2 phantoms
  2 sky beasts
  A necrophage (D:11)
  An eye of draining (D:12)
  8 ogres
  7 centaurs
  A crocodile (D:9)
  5 bullfrogs
  A wyvern skeleton (D:11)
  9 killer bees (D:10)
  2 scorpions
  4 howler monkeys
  11 wights
  3 crimson imps
  A bullfrog zombie (D:8)
  2 jellies
  3 hounds
  7 orc priests
  Crazy Yiuf (D:6)
  2 gnoll shamans (D:4)
  2 bullfrog skeletons
  6 iguanas
  Jessica (D:2)
  Natasha (D:2)
  7 orc wizards
  5 worker ants
  A killer bee zombie (D:7)
  A hound zombie (D:5)
  A hound skeleton (D:9)
  A howler monkey skeleton (D:9)
  32 gnolls
  9 adders
  2 shadow imps
  An ooze (D:4)
  3 adder skeletons
  2 worms
  4 leopard geckos
  44 orcs
  4 giant cockroaches
  6 goblins
  6 hobgoblins
  33 jackals
  5 kobolds
  5 quokkas
  5 bats
  2 frilled lizards
  A leopard gecko zombie (D:9)
  6 rats
  2 fungi (D:6)
353 creatures vanquished.

Vanquished Creatures (collateral kills)
  A two-headed ogre (D:12)
  A hog (D:9)
  An ogre (D:8)
  An orc priest (D:11)
  2 orcs (D:12)
6 creatures vanquished.

Vanquished Creatures (others)
  An orc (D:11)
  A spectral weapon (D:8)
2 creatures vanquished.

Grand Total: 361 creatures vanquished

Notes
Turn   | Place    | Note
-------+----------+-------------------------------------------
     0 | D:1      | Irenicus the Formicid Earth Elementalist began the quest for the Orb.
     0 | D:1      | Reached XP level 1. HP: 13/13 MP: 3/3
   223 | D:1      | Reached XP level 2. HP: 18/19 MP: 3/5
   479 | D:1      | Reached XP level 3. HP: 21/24 MP: 4/6
   511 | D:1      | Reached skill level 5 in Earth Magic
   918 | D:2      | Learned a level 3 spell: Stone Arrow
  1092 | D:2      | Noticed Jessica
  1095 | D:2      | Killed Jessica
  1095 | D:2      | Reached XP level 4. HP: 30/30 MP: 5/7
  1199 | D:2      | Noticed Natasha
  1206 | D:2      | Killed Natasha
  1206 | D:2      | Reached skill level 1 in Conjurations
  1206 | D:2      | Reached XP level 5. HP: 35/35 MP: 0/8
  1851 | D:3      | Noticed a black bear
  1855 | D:3      | Killed a black bear
  1855 | D:3      | Reached XP level 6. HP: 41/41 MP: 2/12
  2327 | D:4      | Noticed Edmund
  2399 | D:3      | Killed Edmund
  2399 | D:3      | Reached skill level 5 in Spellcasting
  2399 | D:3      | Reached XP level 7. HP: 23/46 MP: 0/14
  2440 | D:4      | Got a bloodstained mace
  2441 | D:4      | Identified the +3 mace of Infection {flame, Int+4 Dex+4} (You found it on level 4 of the Dungeon)
  2618 | D:4      | Found Etinee's Weapon Emporium.
  2814 | D:4      | Reached skill level 1 in Maces & Flails
  3239 | D:4      | Reached XP level 8. HP: 17/52 MP: 2/15
  3647 | D:4      | Reached skill level 1 in Fighting
  3851 | D:5      | Entered Level 5 of the Dungeon
  3869 | D:5      | Learned a level 5 spell: Lee's Rapid Deconstruction
  4104 | D:5      | Found an opulent altar of Gozag.
  4349 | D:5      | Reached XP level 9. HP: 49/59 MP: 11/19
  4578 | D:5      | Found a staircase to the Ecumenical Temple.
  4586 | D:5      | Got an ancient robe
  4597 | D:5      | Identified the +1 robe of Cowardice {rN+ Int+5} (You found it on level 5 of the Dungeon)
  4599 | Temple   | Entered the Ecumenical Temple
  4629 | Temple   | Became a worshipper of Uskayaw the Reveler
  4724 | D:5      | Reached * piety under Uskayaw
  4785 | D:5      | Reached ** piety under Uskayaw
  4986 | D:6      | Found a shadowy altar of Dithmenos.
  5085 | D:6      | Reached skill level 1 in Shields
  5701 | D:6      | Found a runed door.
  5760 | D:6      | Noticed Crazy Yiuf
  5763 | D:6      | Killed Crazy Yiuf
  5819 | D:7      | Reached skill level 1 in Invocations
  6006 | D:7      | Noticed Pikel
  6010 | D:7      | Killed Pikel
  6038 | D:7      | Reached *** piety under Uskayaw
  6237 | D:7      | Reached XP level 10. HP: 61/65 MP: 20/22
  6251 | D:7      | Learned a level 3 spell: Tukima's Dance
  6428 | D:8      | Reached skill level 1 in Hexes
  6452 | D:8      | Noticed a two-headed ogre
  6471 | D:8      | Killed a two-headed ogre
  6598 | D:8      | Learned a level 3 spell: Spectral Weapon
  6702 | D:8      | Learned a level 2 spell: Song of Slaying
  6706 | D:8      | Learned a level 3 spell: Regeneration
  6730 | D:8      | Reached skill level 1 in Charms
  7253 | D:9      | Reached skill level 5 in Charms
  7397 | D:9      | Reached skill level 1 in Necromancy
  7409 | D:9      | Reached XP level 11. HP: 51/70 MP: 5/23
  7587 | D:9      | Found a staircase to the Lair.
  7611 | D:9      | Reached skill level 5 in Necromancy
  7753 | D:10     | Entered Level 10 of the Dungeon
  7993 | D:10     | Noticed an ogre mage
  7995 | D:10     | Noticed a stone giant
  8011 | D:10     | You fall through a shaft!
  8011 | D:11     | Noticed Erica
  8071 | D:11     | Found a labyrinth entrance.
  8071 | D:11     | Noticed an unseen horror
  8091 | D:11     | Killed an unseen horror
  8091 | D:11     | Reached **** piety under Uskayaw
  8095 | Lab      | Entered a labyrinth
  8601 | Lab      | Noticed a minotaur
  8611 | Lab      | Learned a level 4 spell: Petrify
  8613 | Lab      | Learned a level 1 spell: Infusion
  8629 | Lab      | Killed a minotaur
  8636 | Lab      | Got a glittering pewter ring
  8639 | Lab      | Identified the ring "Ybecvan" {rCorr rF+ Str+4 Int+3} (You found it in a labyrinth)
  8650 | Lab      | Got a bloodstained shortbow
  8651 | Lab      | Identified the +3 shortbow of Dinafuoteg {venom, rElec Str+3 Dex+2} (You found it in a labyrinth)
  8761 | D:11     | Noticed Urug
  8768 | D:11     | You fall through a shaft for 3 floors!
  8974 | D:13     | Noticed a centaur warrior
  9011 | D:13     | HP: 1/75 [centaur warrior/arrow (12)]
  9012 | D:13     | Killed a centaur warrior
  9014 | D:13     | Reached skill level 10 in Earth Magic
  9348 | D:11     | Killed Erica
  9348 | D:11     | Reached XP level 12. HP: 35/81 MP: 3/24
  9391 | D:11     | Reached skill level 5 in Dodging
  9451 | D:10     | Got a faintly glowing whip
  9452 | D:10     | Identified the cursed +2 whip of Rinofuz {slash, Int+3} (You found it on level 10 of the Dungeon)
  9643 | D:10     | Gained mutation: You are partially covered in thin metallic scales. (AC +2) [mutagenic meat]
  9644 | D:10     | Gained mutation: Your skin changes colour to match your surroundings (Stealth+). [mutagenic meat]
  9645 | D:10     | Gained mutation: You are dopey. (Int -2) [mutagenic meat]
  9979 | D:10     | Noticed an unseen horror
  9985 | D:10     | Killed an unseen horror
 10451 | D:11     | Killed Urug
 10486 | D:11     | Reached ***** piety under Uskayaw
 10495 | D:11     | Reached skill level 10 in Spellcasting
 10495 | D:11     | Reached ****** piety under Uskayaw
 10535 | D:11     | Learned a level 6 spell: Statue Form
 10854 | D:11     | Noticed an unseen horror
 10861 | D:11     | Killed an unseen horror
 10861 | D:11     | Reached skill level 5 in Transmutations
 10861 | D:11     | Reached XP level 13. HP: 86/86 MP: 13/27
 11035 | D:12     | Gained mutation: You do not regenerate when monsters are visible. [mutagenic meat]
 11370 | D:12     | Found a staircase to the Orcish Mines.
 11384 | D:12     | Found a roughly hewn altar of Beogh.
 11826 | D:12     | Identified a scroll of acquirement
 12341 | D:13     | Reached skill level 10 in Transmutations
 12346 | D:13     | Gained mutation: You are agile. (Dex +2) [mutagenic meat]
 12348 | D:13     | Gained mutation: Your muscles are strong. (Str +2) [mutagenic meat]
 12349 | D:13     | Gained mutation: Your body sometimes deteriorates upon taking damage. [mutagenic meat]
 12350 | D:13     | Lost mutation: Your body sometimes deteriorates upon taking damage. [potion of mutation]
 12350 | D:13     | Lost mutation: Your muscles are strong. (Str +2) [potion of mutation]
 12350 | D:13     | Gained mutation: You are weak. (Str -2) [potion of mutation]
 12350 | D:13     | Lost mutation: You are dopey. (Int -2) [potion of mutation]
 12350 | D:13     | Gained mutation: You evolve. [potion of mutation]
 12469 | D:13     | Noticed a frost giant
 12477 | D:13     | Noticed a fire dragon
 12477 | D:13     | Slain by a deep troll earth mage

Skill      XL: |  1  2  3  4  5  6  7  8  9 10 11 12 13 |
---------------+----------------------------------------+-----
Earth Magic    | 4 5 6 7 9 10 | 10.2
Conjurations   | 1 2 |  2.1
Spellcasting   | 4 5 7 8 10 | 10.3
Maces & Flails | 1 |  1.0
Fighting       | 1 3 |  3.2
Dodging        | 3 4 7 |  7.2
Shields        | 2 |  2.9
Invocations    | 7 9 |  9.0
Hexes          | 7 |  7.0
Charms         | 5 |  5.0
Necromancy     | 3 6 |  6.0
Transmutations | 3 5 10 | 10.1
Stealth        | |  2.4

Action                   |  1- 3 |  4- 6 |  7- 9 | 10-12 | 13-15 || total
-------------------------+-------+-------+-------+-------+-------++-------
Melee: Unarmed           |    14 |     8 |       |       |       ||    22
       Trident           |       |    17 |     3 |       |       ||    20
       Mace              |       |       |   229 |   123 |    73 ||   425
 Cast: Sandblast         |    31 |    39 |    51 |   163 |    25 ||   309
       Stone Arrow       |       |     4 |    65 |     9 |    23 ||   101
       Lee's Rapid Decon |       |       |     4 |    40 |    22 ||    66
       Tukima's Dance    |       |       |       |    12 |     8 ||    20
       Spectral Weapon   |       |       |       |     5 |       ||     5
       Regeneration      |       |       |       |    22 |     8 ||    30
       Song of Slaying   |       |       |       |     1 |       ||     1
       Petrify           |       |       |       |     4 |       ||     4
       Infusion          |       |       |       |     1 |       ||     1
       Statue Form       |       |       |       |       |     1 ||     1
Invok: Line Pass         |       |       |     2 |     4 |       ||     6
       Stomp             |       |       |     1 |     5 |       ||     6
 Abil: Dig               |     1 |     1 |     3 |    10 |       ||    15
       Shaft Self        |       |       |       |     2 |       ||     2
       End Transformatio |       |       |       |       |     1 ||     1
Evoke: Wand              |       |       |       |     6 |       ||     6
       Lightning rod     |       |       |       |     4 |       ||     4
       Lamp of fire      |       |       |       |     1 |       ||     1
       Box of beasts     |       |       |       |     1 |       ||     1
  Use: Potion            |       |     2 |     2 |     7 |     2 ||    13
       Scroll            |       |       |       |    21 |     7 ||    28
 Stab: Sleeping          |       |     3 |       |     1 |     2 ||     6
       Distracted        |       |       |     1 |     2 |     1 ||     4
       Confused          |       |       |     2 |       |       ||     2
       Paralysed         |       |       |       |     6 |    10 ||    16
  Eat: Chunk             |       |     5 |    15 |    13 |     7 ||    40
       Bread ration      |       |       |     1 |       |       ||     1
       Meat ration       |       |       |       |     4 |       ||     4
       Fruit             |       |       |       |     1 |     4 ||     5
Armor: Leather armour    |     4 |    16 |    63 |       |       ||    83
       Skin              |       |    11 |    26 |    29 |     5 ||    71
       Robe              |       |       |    22 |    41 |    14 ||    77
Dodge: Dodged            |    15 |    24 |   176 |   185 |    87 ||   487
Block: Buckler           |       |       |    15 |    59 |    30 ||   104
